 Dungeon Crawl Stone Soup version 0.31-a0-185-g9dded2c639 (webtiles) character file.

Game seed: 13773795930824511992

446 qw the Skirmisher (level 6, -4/37 HPs)
             Began as a Deep Elf Hunter on June 22, 2023.
             Slain by an orc priest
             ... wielding a +0 war axe
              (9 damage)
             ... on level 4 of the Dungeon.
             The game lasted 00:01:03 (2456 turns).

qw the Skirmisher (Deep Elf Hunter)                 Turns: 2456, Time: 00:01:03

Health: -4/37      AC:  9    Str: 10    XL:     6   Next: 73%
Magic:  8/8        EV: 10    Int: 14    God:
Gold:   164        SH:  0    Dex: 24    Spells: 5/5 levels left

rFire   + . .        Y - +1 shortbow
rCold   + . .        (shield currently unavailable)
rNeg    . . .        a - +3 scale mail {rF+}
rPois   .            (no helmet)
rElec   .            (no cloak)
rCorr   .            (no gloves)
SInv    .            (no boots)
Will    .....        (no amulet)
Stlth   +            e - +6 ring of dexterity
HPRegen 0.26/turn    f - ring of protection from cold
MPRegen 0.11/turn

%: no passive effects
@: no status effects
A: no striking features
a: no special abilities


You were on level 4 of the Dungeon.
You visited 1 branch of the dungeon, and saw 4 of its levels.

You collected 164 gold pieces.


   Skills:
 - Level 3.2 Fighting
 - Level 9.3 Ranged Weapons
 + Level 0.0 Armour
 - Level 3.2 Dodging
 - Level 1.2 Stealth


You had 5 spell levels left.
You didn't know any spells.
Your spell library was empty.

Inventory:

Hand Weapons
 Y - a +1 shortbow (weapon)
Armour
 a - a +3 scale mail of fire resistance (worn)
Jewellery
 c - a +6 ring of intelligence
 e - a +6 ring of dexterity (left hand)
 f - a ring of protection from cold (right hand)
Scrolls
 d - a scroll of identify
Potions
 b - a potion of curing
 i - a potion of lignification {unknown}

Dungeon Overview and Level Annotations

Branches:
Dungeon (4/15)
 Temple: D:4-7

Altars:


Message History

An orc priest comes into view. It is wielding a +0 war axe.
You shoot an arrow. The arrow barely misses the orc.
The orc priest shouts!
The arrow hits the orc but does no damage.
Sigmund closely misses you.
You shoot an arrow. The arrow hits the orc!
You kill the orc!
An orc comes into view. It is wielding a +0 club.
You shoot an arrow. The orc shouts!
The arrow hits Sigmund!
You kill Sigmund!
An orc comes into view. It is wielding a +0 mace.
Your Fighting skill gained 2 levels and is now at level 3!
You shoot an arrow. The arrow closely misses the orc.
The orc shouts!
You hear a shout!
An orc comes into view. It is wielding a +0 mace.
The orc hits you but does no damage.
You shoot an arrow.
The arrow hits the orc but does no damage.
The orc priest invokes the aid of Beogh against you.
Beogh smites you! The orc completely misses you.
You shoot an arrow. The arrow hits the orc.
The orc is moderately wounded.
The orc hits you with a +0 hand axe.
The orc priest invokes the aid of Beogh against you.
Pain shoots through your body!
You shoot an arrow. The arrow hits the orc.
The orc is almost dead.
The orc hits you with a +0 hand axe.
The orc priest mumbles some strange prayers to Beogh against you.
Pain shoots through your body! The orc hits you but does no damage.
You shoot an arrow. The arrow hits the orc.
You kill the orc!
The orc priest closely misses you.
You shoot an arrow. The arrow hits the orc priest.
The orc priest is heavily wounded.
The orc priest hits you with a +0 war axe!
You die...

...............#
..............#
#.............# #....#
.......# # #..(. #...[..
.. #...# .)..
...#####...#####)#######
...............[@oo.o...
...........#####o.####..
##.......# ##..#
#.......######..#
###.#.###.......#
#.#........##.#
##.#...........%
#............###.
##..###......##


You could see an orc priest and 3 orcs.

Vanquished Creatures
  Sigmund (D:4)
  A scorpion (D:4)
  Jessica (D:3)
  Natasha (thrice) (D:3)
  7 adders
  A worm (D:2)
  4 orcs
  10 bats
  3 endoplasms (D:2)
  A giant cockroach (D:2)
  3 goblins
  3 hobgoblins
  3 quokkas
  6 ball pythons
  2 frilled lizards
  7 kobolds
  5 rats
61 creatures vanquished.

Notes
Turn   | Place    | Note
-------+----------+-------------------------------------------
     0 | D:1      | qw the Deep Elf Hunter began the quest for the Orb.
     0 | D:1      | Reached XP level 1. HP: 12/12 MP: 3/3
     0 | D:1      | 0 ||| qw: Version: 0.3-a-9-g12657ce
     0 | D:1      | 0 ||| qw: Game counter: 1915
     0 | D:1      | 0 ||| qw: Always use a shield: true
     0 | D:1      | 0 ||| qw: God list: Okawaru
     0 | D:1      | 0 ||| qw: Allow faded altars: false
     0 | D:1      | 0 ||| qw: Do Orc after D:15 true
     0 | D:1      | 0 ||| qw: Do second Lair branch before Depths: true
     0 | D:1      | 0 ||| qw: Lair rune preference: random
     0 | D:1      | 0 ||| qw: Plans: Normal
     0 | D:1      | 0 ||| PLANNING D:1-11
   492 | D:1      | Reached XP level 2. HP: 16/16 MP: 4/4
   502 | D:1      | Reached skill level 6 in Ranged Weapons
   735 | D:1      | 735 ||| UPGRADING to +6 ring of dexterity.
   736 | D:1      | 736 ||| READING scroll labelled EBORENK OREDI.
   737 | D:1      | 737 ||| READING scroll labelled ZYOWNAKKIU.
   742 | D:1      | 742 ||| READING scroll labelled JUPLU DIOFAGEYRUAW.
   743 | D:1      | 743 ||| DROPPING scroll of butterflies.
   865 | D:2      | Reached XP level 3. HP: 20/20 MP: 5/5
   876 | D:2      | Reached skill level 7 in Ranged Weapons
  1153 | D:2      | Reached skill level 3 in Dodging
  1154 | D:2      | HP: 5/20 [poisoned by an adder]
  1232 | D:2      | Reached XP level 4. HP: 25/25 MP: 6/6
  1285 | D:2      | 1285 ||| READING scroll labelled TUNOOSKEROX.
  1286 | D:2      | 1286 ||| READING scroll labelled FASEACREYN.
  1287 | D:2      | 1287 ||| READING scroll labelled POBENU DO INU.
  1418 | D:3      | Noticed Natasha
  1424 | D:3      | 1424 ||| Stepping ~*~*~tactically~*~*~ (outnumbered).
  1440 | D:3      | HP: 5/25 [cerulean imp/+1 spear[Natasha] (6)]
  1441 | D:3      | 1441 ||| READING 2 scrolls of teleportation.
  1528 | D:3      | Noticed Jessica
  1535 | D:3      | Killed Jessica
  1759 | D:3      | Reached skill level 8 in Ranged Weapons
  1759 | D:3      | Reached XP level 5. HP: 29/29 MP: 7/7
  1796 | D:3      | HP: 4/29 [cerulean imp/+0 spear[Natasha] (5)]
  1797 | D:3      | 1797 ||| READING scroll of teleportation.
  1798 | D:3      | Killed Natasha
  1811 | D:3      | Noticed Natasha
  1816 | D:3      | HP: 7/29 [Natasha (2)]
  1820 | D:3      | Killed Natasha
  2056 | D:3      | Noticed Natasha
  2060 | D:3      | Killed Natasha
  2225 | D:3      | 2225 ||| UPGRADING to +3 scale mail of fire resistance.
  2235 | D:3      | 2235 ||| DROPPING +0 leather armour.
  2236 | D:3      | 2236 ||| UPGRADING to ring of protection from cold.
  2237 | D:3      | 2237 ||| READING scroll labelled FUUPNA SUCKOI.
  2238 | D:3      | 2238 ||| READING scroll labelled JEARRYOSKE.
  2239 | D:3      | 2239 ||| DRINKING 3 grey potions.
  2240 | D:3      | 2240 ||| READING 2 scrolls of identify.
  2240 | D:3      | 2240 ||| IDENTIFYING fuming yellow potion
  2241 | D:3      | 2241 ||| DROPPING potion of attraction.
  2243 | D:3      | 2243 ||| Stepping ~*~*~tactically~*~*~ (cloud).
  2244 | D:3      | 2244 ||| DRINKING 2 potions of curing.
  2244 | D:3      | 2244 ||| (to cure poison)
  2325 | D:4      | 2325 ||| PLANNING SEWER
  2362 | D:4      | Reached skill level 9 in Ranged Weapons
  2362 | D:4      | Reached XP level 6. HP: 22/34 MP: 8/8
  2443 | D:4      | Noticed Sigmund
  2450 | D:4      | Killed Sigmund
  2451 | D:4      | Reached skill level 3 in Fighting
  2454 | D:4      | HP: 4/37 [orc priest/nerve-wracking pain (14)]
  2456 | D:4      | Slain by an orc priest

Levels and vault maps discovered:
D:1:      erik_arrival_orb_chamber, layout_basic
D:2:      layout_basic
D:3:      layout_loops_ring, kennysheep_generic_room_12, uniq_jessica,
          uniq_natasha
D:4:      layout_rooms, zin_purify, nicolae_overflow_crystal_walls,
          cheibrodos_sewer_entry_bend, uniq_sigmund, uniq_menkaure,
          uniq_crazy_yiuf_cottage

Skill      XL: |  1  2  3  4  5  6 |
---------------+-------------------+-----
Ranged Weapons | 6 7 8 9 |  9.3
Dodging        | 3 |  3.2
Fighting       | 3 |  3.2
Stealth        | |  1.2

Action                     |  1- 3 |  4- 6 || total
---------------------------+-------+-------++-------
  Melee: Unarmed           |       |     4 ||     4
   Fire: Shortbow          |    84 |   121 ||   205
    Use: Scroll            |     3 |     8 ||    11
         Potion            |       |     2 ||     2
   Stab: Confused          |       |     2 ||     2
 Armour: Leather armour    |    12 |     6 ||    18
         Scale mail        |       |     4 ||     4
  Dodge: Dodged            |    17 |    36 ||    53

Table legend:
 A = Non-vault XP
 B = Vault XP
 C = Vault XP percentage of total XP
 D = Non-vault monster count
 E = Vault monster count
 F = Vault count percentage of total count
                 A         B        C        D         E       F
            +---------+---------+-------+---------+---------+-------
      Total |     321 |     317 |  49.7 |      57 |       4 |   6.6
            +---------+---------+-------+---------+---------+-------
        D:1 |      20 |       0 |   0.0 |      15 |       0 |   0.0
        D:2 |      83 |       0 |   0.0 |      19 |       0 |   0.0
        D:3 |     131 |      74 |  36.1 |      19 |       3 |  13.6
        D:4 |      87 |     243 |  73.6 |       4 |       1 |  20.0
            +---------+---------+-------+---------+---------+-------
